 Dungeon Crawl Stone Soup version 0.28.0-43-g3370ac3207 (webtiles) character file.

Game seed: 15532424595997592713

242654 xzight the Tortoise (level 19, -1/131 HPs)
             Began as a Gargoyle Fighter on Mar 1, 2022.
             Was the Champion of Okawaru.
             Slain by a deep troll (13 damage)
             ... led by an ironbound preserver
             ... on level 1 of the Vaults.
             The game lasted 01:53:24 (41997 turns).

xzight the Tortoise (Gargoyle Fighter)             Turns: 41997, Time: 01:53:25

Health: -1/131     AC: 70    Str: 31    XL:     19   Next: 39%
Magic:  20/22      EV:  1    Int: 13    God:    Okawaru [******]
Gold:   3210       SH: 37    Dex: 11    Spells: 18/18 levels left

rFire   + . .      SeeInvis .   a - +9 broad axe (vorpal)
rCold   + . .      Faith    .   w - +18 shield of the Gong {rElec rN+ Will+ EV-5}
rNeg    + + .      Spirit   .   W - +11 crystal plate armour of the Lair of Beasts {rElec Int+3 Stlth-}
rPois   ∞          Reflect  +   q - +2 helmet
rElec   +          Harm     .   R - +2 cloak
rCorr   +          Rampage  +   M - +2 pair of gloves of Cowardice {Rampage rElec Str+6}
Will    ++...                   o - +2 pair of boots {rampage}
Stlth   ..........              B - amulet of reflection
HPRegen 0.31/turn               H - ring "Faext" {rPois rC+ rCorr}
MPRegen 0.18/turn               T - +4 ring of protection

@: about to teleport, marked, flying, studying 2 skills
A: sickness immunity, AC +14, big wings, negative energy resistance 1,
electricity resistance, torment resistance 1, petrification resistance, fire
resistance 1, sense surroundings 1, subdued magic 1
}: 2/15 runes: decaying, serpentine
a: Renounce Religion, Heroism, Finesse, Duel


You were on level 1 of the Vaults.
You worshipped Okawaru.
Okawaru was exalted by your worship.
You visited 7 branches of the dungeon, and saw 33 of its levels.
You also visited: Ice Cave.

You collected 4104 gold pieces.
You spent 894 gold pieces at shops.


Innate Abilities, Weirdness & Mutations

You are immune to sickness and miasma.
Your stone body is resilient. (AC +14)
You are immune to poison.
Your large and strong wings let you fly.
You resist negative energy. (rN+)
You are resistant to electric shocks. (rElec)
You are resistant to unholy torment.
You are immune to petrification.
Your flesh is heat resistant. (rF+)
You passively map a small area around you.
Your spells are a little easier to cast, but a little less powerful.


   Skills:
 + Level 18.3 Fighting
 - Level 18.0 Axes
 + Level 18.3 Armour
 + Level 18.3 Shields
 + Level 4.7 Invocations


You had 18 spell levels left.
You didn't know any spells.
Your spell library contained the following spells:

 Spells                   Type           Power      Damage    Failure   Level
 Magic Dart               Conj           0%         1d3       99%         1
 Sandblast                Erth           0%         2d4       99%         1
 Slow                     Hex            0%         N/A       99%         1
 Blink                    Tloc           0%         N/A       100%        2
 Corpse Rot               Necr/Air       0%         N/A       100%        2
 Ensorcelled Hibernation  Hex/Ice        0%         N/A       100%        2
 Passwall                 Tmut/Erth      0%         N/A       100%        2
 Confusing Touch          Hex            0%         N/A       100%        3
 Dazzling Flash           Conj/Hex       0%         N/A       100%        3
 Lesser Beckoning         Tloc           0%         N/A       100%        3
 Mephitic Cloud           Conj/Pois/Air  0%         N/A       100%        3
 Ozocubu's Armour         Ice            0%         N/A       100%        3
 Portal Projectile        Hex/Tloc       0%         N/A       100%        3
 Spider Form              Tmut/Pois      0%         N/A       100%        3
 Stone Arrow              Conj/Erth      0%         3d7       100%        3
 Vampiric Draining        Necr           0%         2d6       100%        3
 Anguish                  Hex/Necr       0%         N/A       100%        4
 Dispel Undead            Necr           0%         3d6       100%        4
 Iskenderun's Mystic Bla  Conj/Tloc      0%         2d3       100%        4
 Leda's Liquefaction      Hex/Erth       0%         N/A       100%        4
 Petrify                  Tmut/Erth      0%         N/A       100%        4
 Blade Hands              Tmut           0%         N/A       100%        5
 Borgnjor's Vile Clutch   Necr/Erth      0%         N/A       100%        5
 Irradiate                Conj/Tmut      0%         3d13      100%        5
 Manifold Assault         Tloc           0%         N/A       100%        5
 Metabolic Englaciation   Hex/Ice        0%         N/A       100%        5
 Iron Shot                Conj/Erth      0%         9d1       100%        6
 Starburst                Conj/Fire      0%         6d3       100%        6
 Ozocubu's Refrigeration  Ice            0%         4d5       100%        7
 Storm Form               Tmut/Air       0%         N/A       100%        7
 Call Imp                 Summ           Unusable   N/A       N/A         2
 Sublimation of Blood     Necr           Unusable   N/A       N/A         2
 Call Canine Familiar     Summ           Unusable   N/A       N/A         3
 Animate Armour           Summ/Erth      Unusable   N/A       N/A         4
 Animate Dead             Necr           Unusable   N/A       N/A         4
 Death Channel            Necr           Unusable   N/A       N/A         6
 Statue Form              Tmut/Erth      Unusable   N/A       N/A         6

Inventory:

Hand Weapons
 a - a +9 vorpal broad axe (weapon)
 b - a +0 hand axe of flaming
Armour
 o - a +2 pair of boots of rampaging (worn)
 p - the +16 plate armour of the Cuttlefish {Str+5}
   (Okawaru gifted it to you on level 6 of the Lair of Beasts)

   Str:       It affects your strength (+5).
 q - a +2 helmet (worn)
 w - the +18 shield of the Gong (worn) {rElec rN+ Will+ EV-5}
   (You found it on level 1 of the Snake Pit)

   It is deafeningly noisy when blocking attacks.
   EV:        It affects your evasion (-5).
   rElec:     It insulates you from electricity.
   rN:        It protects you from negative energy.
   Will:      It increases your willpower.
 M - the +2 pair of gloves of Cowardice (worn) {Rampage rElec Str+6}
   (Okawaru gifted it to you on level 3 of the Snake Pit)

   Str:       It affects your strength (+6).
   rElec:     It insulates you from electricity.
   Rampage:   It bestows one free step when moving towards enemies.
 O - a +2 hat
 R - a +2 cloak (worn)
 W - the +11 crystal plate armour of the Lair of Beasts (worn) {rElec Int+3 Stlth-}
   (You acquired it on level 4 of the Swamp)

   Int:       It affects your intelligence (+3).
   rElec:     It insulates you from electricity.
   Stlth:     It makes you less stealthy.
Magical Staves
 i - a staff of death {!a}
 y - a staff of air {!a}
Jewellery
 n - a ring of positive energy
 v - a ring of see invisible
 B - an amulet of reflection (around neck)
 C - a ring of protection from cold
 D - a +6 ring of dexterity
 E - the ring "Baimist" {Fly Str+5 Slay+6 Stlth-}
   (You found it in an ice cave)

   [ring of flight]

   Str:       It affects your strength (+5).
   Slay:      It affects your accuracy & damage with ranged weapons and melee
   (+6).
   Fly:       It grants you flight.
   Stlth:     It makes you less stealthy.
 F - a ring of fire
 H - the ring "Faext" (left hand) {rPois rC+ rCorr}
   (You found it on level 2 of the Lair of Beasts)

   [ring of protection from cold]

   rC:        It protects you from cold.
   rPois:     It protects you from poison.
   rCorr:     It protects you from acid and corrosion.
 T - a +4 ring of protection (right hand)
 X - the ring of Qosijad {*Corrode rC+ rN++ Slay+2 Stlth+}
   (You found it on level 15 of the Dungeon)

   [ring of protection from cold]

   Slay:      It affects your accuracy & damage with ranged weapons and melee
   (+2).
   rC:        It protects you from cold.
   rN:        It greatly protects you from negative energy.
   *Corrode:  It may corrode you when you take damage.
   Stlth:     It makes you more stealthy.
Wands
 k - a wand of mindburst (19)
 l - a wand of iceblast (44)
 s - a wand of polymorph (17)
 x - a wand of digging (8)
 N - a wand of flame (51)
 U - a wand of paralysis (15)
 V - a wand of acid (19)
Scrolls
 g - a scroll of enchant weapon
 h - 3 scrolls of magic mapping
 j - a scroll of silence {!r}
 z - 2 scrolls of fog
 G - 2 scrolls of immolation
 J - 2 scrolls of fear
 K - a scroll of teleportation {@r2}
 Q - 11 scrolls of identify {@r1}
 Z - 8 scrolls of vulnerability
Potions
 c - a potion of invisibility
 d - 6 potions of cancellation
 e - 2 potions of brilliance
 f - 2 potions of ambrosia
 m - 12 potions of curing {@q1}
 r - 4 potions of attraction
 t - 3 potions of mutation
 u - 3 potions of lignification
 A - 3 potions of magic
 S - 2 potions of might
 Y - a potion of haste {@q3}
Miscellaneous
 L - a piece from Xom's chessboard (15/15)
 P - a phial of floods

Dungeon Overview and Level Annotations

Branches:
Dungeon (15/15)            Temple (1/1) D:7            Lair (6/6) D:8
  Swamp (4/4) Lair:3        Snake (4/4) Lair:3        Slime (0/5) Lair:5
    Orc (2/2) D:11            Elf (0/3) Orc:2        Vaults (1/5) D:13
 Depths (0/4) D:15          IceCv (visited)

Altars:
Ashenzari
Cheibriados
Dithmenos
Elyvilon
Fedhas
Gozag
Hepliaklqana
Kikubaaqudgha
Makhleb
Nemelex Xobeh
Okawaru
Qazlal
Ru
Sif Muna
Trog
Uskayaw
Vehumet
Wu Jian
Xom
Yredelemnul
Zin
The Shining One
Beogh
Jiyva
Lugonu

Shops:
D:3 [*[   D:7 [??[   Orc:2 *(=[   Snake:3 *=::   Snake:4 =?![

Portals:
Abyss: Lair:4 Lair:6

Annotations:
D:5 !2H OGRE
Lair:4 2 transporters, Hiywul's ghost, journeyman MiHu

, , , , , , , ...
, , , * * ,....
**
▒▒▒▒▒▒▒▒▒▒▒▒p....
▒..........▒.....
,
▒........p.T.g...
,
▒.......kYp▒g....
,
▒......goTYuJ....
, , >
▒.......T@C▒Y..#
▒..........+.. +
, *,
▒..........+.. *
, ▒▒▒▒▒+▒▒▒▒▒▒..
, ,, , .... * * .
, * *▒▒▒'▒.▒ *
,.▒ ▒ * * .▒,* ,
, * .▒ , ,,


You could see 2 dire elephants, an orc warlord, an ironbound preserver, a vault
warden, a red ugly thing, an ettin, a slime creature (summoned), 3 deep trolls,
a vault sentinel (catching breath), a lindwurm and 3 boggarts.


Message History

The vault sentinel blows a loud note on a signal horn!
Unknown command.
Unknown command.
Unknown command.
Unknown command.
Unknown command.
Unknown command.
Unknown command.
Unknown command.
Unknown command.
Unknown command.
Unknown command.
Unknown command.
Unknown command.
Unknown command.
You feel better. You block the vault warden's attack.
GONNNNG!
You block the ettin's attack.
GONNNNG!
The ettin hits you but does no damage.
The dire elephant tramples you but does no damage.
The dire elephant trunk-slaps you but does no damage.
The deep troll bites you but does no damage.
The deep troll claws you but does no damage.
You block the deep troll's attack.
SHROANNG!
The orc warlord hits you with a +1 vorpal great mace!
* * * LOW HITPOINT WARNING * * *
x2 The deep troll bites you!
You die...

Skill      XL: |  1  2  3  4  5  6  7  8  9 10 11 12 13 14 15 16 17 18 19 |
---------------+----------------------------------------------------------+-----
Axes           | 2 3 4 5 6 8 9 11 12 14 15 16 17 18 | 18.0
Fighting       | 4 5 6 7 8 10 11 12 13 14 15 16 17 18 | 18.3
Armour         | 4 5 6 7 8 10 11 12 13 14 15 16 17 18 | 18.3
Shields        | 4 5 6 7 8 9 11 12 13 14 15 16 17 18 | 18.3
Invocations    | 2 4 |  4.7

Action                   |  1- 3 |  4- 6 |  7- 9 | 10-12 | 13-15 | 16-18 | 19-21 || total
-------------------------+-------+-------+-------+-------+-------+-------+-------++-------
Melee: War axe           |   109 |    73 |   395 |   704 |  1328 |    52 |       ||  2661
       Hand axe          |       |       |       |   116 |    11 |    95 |       ||   222
       Broad axe         |       |       |       |       |       |   997 |   160 ||  1157
Invok: Heroism           |       |       |       |       |       |     1 |       ||     1
  Use: Potion            |       |     1 |       |     1 |     9 |     7 |     3 ||    21
       Scroll            |       |       |     6 |    14 |    11 |    17 |     3 ||    51
 Stab: Distracted        |       |       |       |     1 |       |       |       ||     1
       Confused          |       |       |       |       |     2 |     4 |       ||     6
       Petrified         |       |       |       |       |     9 |       |       ||     9
       Petrifying        |       |       |       |       |     1 |       |       ||     1
Armor: Scale mail        |    30 |       |       |       |       |       |       ||    30
       Chain mail        |    48 |    48 |    70 |       |       |       |       ||   166
       Plate armour      |       |       |   274 |   775 |   961 |   634 |       ||  2644
       Crystal plate arm |       |       |       |       |       |     9 |    94 ||   103
       Skin              |       |       |       |       |       |     7 |       ||     7
Dodge: Dodged            |    34 |    26 |   158 |   246 |   269 |    89 |     4 ||   826
Block: Buckler           |    25 |    15 |   101 |   242 |    43 |       |       ||   426
       Kite shield       |       |       |       |       |   589 |  1433 |   235 ||  2257
       Reflection        |       |       |       |       |    44 |   135 |    14 ||   193
       Tower shield      |       |       |       |       |   325 |   237 |       ||   562

Levels and vault maps discovered:
D:1:      onia_arrival_pyramid, layout_basic
D:2:      layout_loops_ring, basic_ecumenical_altar
D:3:      layout_loops_ring, grunt_temple_overflow_open,
          mainiacjoe_overflow_cross_hatched, serial_shops, shop, shop,
          nicolae_shop_crystal, uniq_grinder
D:4:      minmay_evil_eye, layout_basic, old_standard_altar
D:5:      layout_basic, uniq_prince_ribbit1, uniq_eustachio, uniq_sigmund,
          uniq_crazy_yiuf_cottage
D:6:      layout_basic, uniq_maggie
D:7:      minmay_angry_zag, layout_cave_pools, minmay_temple_entry_fiery,
          serial_bayou, serial_bayou_pond_e, serial_bayou_pond_b,
          serial_bayou_lake_a, serial_bayou_shore_b, enter_bailey_3,
          minmay_shop_grid_forest
D:8:      layout_cave_pools, lair_entry_dummy, kennysheep_pointless_box
D:9:      layout_basic
D:10:     layout_roguey, nemelex_spade_bored_becter, serial_co_window_serial,
          co_window_paths_b, co_window_corner_a, co_window_paths_a,
          co_window_corner_a, co_window_corner_a, co_window_paths_a,
          co_window_paths_b, co_window_corner_a, co_window_paths_a,
          co_window_unsneaky_path_a, co_window_corner_cb,
          co_window_unsneaky_path_a, co_window_corner_b, co_window_2corner,
          co_window_2corner, glass_columns_a
D:11:     layout_long_grid, david_orc_2, xom_redecorated
D:12:     layout_grid_maze, uniq_fannar
D:13:     layout_long_grid, erik_vaults_1
D:14:     layout_stronghold, gauntlet_entry_generic, nicolae_ru_path_of_blood,
          st_stairs_12, elves_outpost_lemuel, uniq_snorg, uniq_louise,
          uniq_nessos
D:15:     grunt_enter_depths_magical_seal, layout_loops_corners,
          chequers_garden, uniq_rupert
Temple:   dshaligram_water_room_temple
Lair:1:   layout_concentric_octagons, uniq_sonja
Lair:2:   layout_roguey, gammafunk_ghost_arena, lemuel_fruit_fields,
          grunt_megastairs_4
Lair:3:   layout_cellular_growth, minmay_swamp_entry_worms,
          minmay_snake_entry_spellcaster
Lair:4:   layout_roguey, basic_altar, gammafunk_ghost_abyssal_escape,
          cheibrodos_lair_reptile_den
Lair:5:   layout_gridlike, slime_altar_1, chequers_serial_rivers_micro_d,
          serial_bayou_shore_b
Lair:6:   hellmonk_lair_end_abyssal_woods, layout_gridlike, minivault_19
Swamp:1:  nicolae_swamp_long_stream, layout_falls_marsh,
          evilmike_swamp_ruin_house_2, infiniplex_staircase_pool_2
Swamp:2:  layout_falls_marsh, serial_swamp_ruin, evilmike_swamp_ruin_wall,
          evilmike_swamp_ruin_house_5, uniq_jorgrun, uniq_roxanne
Swamp:3:  layout_basic_swamp, evilmike_swamp_ruin_rubble_1, swamp_pool5,
          uniq_nikola
Swamp:4:  swamp_old_school, layout_basic_swamp,
          portal_ice_cave_entry_frozen_things, swamp_pool2
Snake:1:  layout_misc_corridors, basic_altar, uniq_josephine, uniq_asterion
Snake:2:  layout_misc_corridors, serial_bayou_shore_b
Snake:3:  layout_rooms, serial_shops, shop, minmay_shop_grove
Snake:4:  minmay_snake_end_coiled, layout_onion_interference,
          nicolae_snake_serpentine_bazaar
Orc:1:    layout_caves, serial_shops, nicolae_orc_lost_temple
Orc:2:    st_orc_mages, layout_diamond_mine
Vaults:1: vaults_room_grid, v_misc_4, vaults_room_large_hall,
          nicolae_vaults_branching_niches, v_misc_33, vaults_mumra_chevron_long,
          v_alt_pattern_1, vaults_standard_mumra_enter_the_diamond,
          hangedman_vaults_restitches, vaults_mumra_hex, v_alt_pattern_5,
          nicolae_vaults_gold_heap, layout_vaults_big_room, serial_shops,
          nicolae_shop_behind_doors

Notes
Turn   | Place    | Note
-------+----------+-------------------------------------------
     0 | D:1      | xzight the Gargoyle Fighter began the quest for the Orb.
     0 | D:1      | Reached XP level 1. HP: 14/14 MP: 1/1
    49 | D:1      | Reached skill level 2 in Axes
   255 | D:1      | Reached XP level 2. HP: 14/19 MP: 2/2
   739 | D:2      | Reached XP level 3. HP: 18/23 MP: 3/3
   907 | D:2      | Found a faded altar of an unknown god.
  1356 | D:2      | Reached XP level 4. HP: 29/29 MP: 4/4
  1711 | D:3      | Noticed Grinder
  1728 | D:3      | Paralysed by Grinder for 7 turns
  1736 | D:3      | Killed Grinder
  1737 | D:3      | Reached skill level 4 in Fighting
  1737 | D:3      | Reached skill level 3 in Axes
  1737 | D:3      | Reached skill level 4 in Armour
  1737 | D:3      | Reached skill level 4 in Shields
  1737 | D:3      | Reached XP level 5. HP: 25/34 MP: 5/5
  1737 | D:3      | Reached XP level 6. HP: 29/39 MP: 6/6
  1874 | D:3      | Found Ocybic's General Store.
  1880 | D:3      | Found a stormy altar of Qazlal.
  1881 | D:3      | Found a broken altar of Ashenzari.
  1882 | D:3      | Found a shimmering blue altar of Sif Muna.
  1893 | D:3      | Reached skill level 4 in Axes
  2079 | D:3      | Found a blossoming altar of Fedhas.
  2079 | D:3      | Found an ornate altar of the Wu Jian Council.
  2080 | D:3      | Found a hide-covered altar of Uskayaw.
  2223 | D:3      | Found Bejes's Armour Shop.
  2240 | D:3      | Bought a +0 helmet for 45 gold pieces
  2240 | D:3      | Bought a +0 cloak for 45 gold pieces
  2407 | D:3      | Found Deluq's Antique Armour Emporium.
  2434 | D:3      | Noticed a sky beast
  2454 | D:3      | Killed a sky beast
  2488 | D:3      | Found a shimmering altar of Xom.
  2630 | D:4      | Reached XP level 7. HP: 44/44 MP: 7/7
  2630 | D:4      | Found a burning altar of Makhleb.
  2769 | D:4      | Reached skill level 5 in Fighting
  2792 | D:4      | Reached skill level 5 in Armour
  2792 | D:4      | Reached skill level 5 in Shields
  3326 | D:4      | Reached skill level 5 in Axes
  3493 | D:5      | Entered Level 5 of the Dungeon
  3567 | D:5      | Reached XP level 8. HP: 41/50 MP: 8/8
  3887 | D:5      | Noticed Eustachio
  3902 | D:5      | Noticed Prince Ribbit
  4242 | D:5      | Found a runed translucent door.
  4243 | D:5      | Noticed Crazy Yiuf
  4254 | D:5      | Killed Crazy Yiuf
  4387 | D:5      | Noticed Sigmund
  4398 | D:5      | Killed Sigmund
  4399 | D:5      | Reached skill level 6 in Fighting
  4399 | D:5      | Reached skill level 6 in Axes
  4415 | D:5      | Reached skill level 6 in Armour
  4475 | D:5      | Killed Prince Ribbit
  4476 | D:5      | Reached skill level 6 in Shields
  4673 | D:5      | Killed Eustachio
  4674 | D:5      | Reached XP level 9. HP: 56/56 MP: 9/9
  5061 | D:7      | Reached skill level 7 in Axes
  5310 | D:7      | Reached skill level 7 in Fighting
  5310 | D:7      | Reached skill level 7 in Armour
  5324 | D:7      | Reached skill level 7 in Shields
  5389 | D:7      | Noticed a two-headed ogre
  6129 | D:6      | Noticed Maggie
  6152 | D:6      | Killed Maggie
  6153 | D:6      | Reached skill level 8 in Axes
  6327 | D:6      | Reached XP level 10. HP: 63/63 MP: 10/10
  7725 | D:7      | Found Duode's Armour Boutique.
  7727 | D:7      | Found Errushra's Antique Armour Boutique.
  7728 | D:7      | Found Yxoikhanwo's Magic Scroll Boutique.
  7728 | D:7      | Found Firghuah's Magic Scroll Boutique.
  7743 | D:7      | Bought a +2 pair of boots for 198 gold pieces
  7751 | D:7      | Bought a scroll of identify for 26 gold pieces
  7751 | D:7      | Bought a scroll of blinking for 97 gold pieces
  7751 | D:7      | Bought a scroll of identify for 26 gold pieces
  7779 | D:7      | Found a staircase to the Ecumenical Temple.
  7833 | Temple   | Entered the Ecumenical Temple
  7988 | Temple   | Became a worshipper of Warmaster Okawaru
  8580 | D:8      | Reached skill level 8 in Fighting
  8580 | D:8      | Reached skill level 8 in Armour
  8661 | D:8      | Reached skill level 8 in Shields
  8671 | D:8      | Reached * piety under Okawaru
  8672 | D:8      | Reached skill level 9 in Axes
  8858 | D:8      | Reached ** piety under Okawaru
  9008 | D:8      | Found a staircase to the Lair.
  9329 | D:9      | Reached XP level 11. HP: 59/69 MP: 11/11
  9499 | D:9      | Reached skill level 10 in Axes
 10135 | D:10     | Entered Level 10 of the Dungeon
 10220 | D:10     | Found a sparkling altar of Nemelex Xobeh.
 10403 | D:10     | Reached skill level 9 in Armour
 10424 | D:10     | Reached *** piety under Okawaru
 10425 | D:10     | Reached skill level 9 in Fighting
 10429 | D:10     | Reached skill level 9 in Shields
 11804 | D:10     | Identified the +1 robe of Duczy {+Inv Str+3}
 11880 | D:11     | Found a shimmering altar of Xom.
 11880 | D:11     | Found a shimmering altar of Xom.
 11882 | D:11     | Found a shimmering altar of Xom.
 11889 | D:11     | Found a shimmering altar of Xom.
 11890 | D:11     | Found a shimmering altar of Xom.
 11958 | D:11     | Noticed a two-headed ogre
 11986 | D:11     | Killed a two-headed ogre
 12141 | D:11     | Noticed a tengu warrior
 12365 | D:11     | Noticed a tengu warrior
 12368 | D:11     | Killed a tengu warrior
 12391 | D:11     | Killed a tengu warrior
 12391 | D:11     | Reached **** piety under Okawaru
 12684 | D:11     | Found a staircase to the Orcish Mines.
 13112 | D:11     | Noticed a four-headed hydra
 13328 | D:11     | Killed a one-headed hydra
 13671 | Lair:1   | Entered Level 1 of the Lair of Beasts
 13887 | D:8      | Reached skill level 11 in Axes
 14040 | Lair:1   | Noticed a four-headed hydra
 14250 | Lair:1   | Killed a one-headed hydra
 14317 | Lair:1   | Noticed a six-headed hydra
 14333 | Lair:1   | Killed a one-headed hydra
 14333 | Lair:1   | Reached ***** piety under Okawaru
 14334 | Lair:1   | Reached skill level 10 in Fighting
 14334 | Lair:1   | Reached skill level 10 in Armour
 14334 | Lair:1   | Reached XP level 12. HP: 41/77 MP: 12/12
 14524 | Lair:1   | Reached skill level 10 in Shields
 14862 | Lair:1   | Noticed Sonja
 14870 | Lair:1   | Killed Sonja
 14870 | Lair:1   | Received a gift from Okawaru
 15041 | Lair:2   | Noticed a five-headed hydra
 15071 | Lair:2   | Noticed a five-headed hydra
 15090 | Lair:2   | Killed a one-headed hydra
 15221 | Lair:2   | Noticed WindUpCitrus's ghost (novice FeAE)
 15238 | Lair:2   | Found a transporter.
 15241 | Lair:2   | Found a transporter.
 15278 | Lair:2   | Killed a one-headed hydra
 15284 | Lair:2   | Killed WindUpCitrus's ghost
 15291 | Lair:2   | Reached skill level 12 in Axes
 15575 | Lair:2   | Identified the ring "Faext" {rPois rC+ rCorr}
 15809 | Lair:2   | Noticed a six-headed hydra
 15827 | Lair:2   | Killed a one-headed hydra
 16264 | Lair:3   | Noticed a four-headed hydra
 16273 | Lair:3   | Killed a one-headed hydra
 17234 | Lair:3   | Found a staircase to the Snake Pit.
 17462 | Lair:3   | Found a staircase to the Swamp.
 17806 | Lair:4   | Reached skill level 11 in Armour
 17811 | Lair:4   | Reached skill level 11 in Fighting
 17811 | Lair:4   | Reached skill level 11 in Shields
 18026 | Lair:4   | Noticed Hiywul's ghost (journeyman MiHu)
 18036 | Lair:4   | Found a sparkling altar of Nemelex Xobeh.
 18054 | Lair:4   | You fall into a shaft and drop 2 floors!
 18054 | Lair:6   | Entered Level 6 of the Lair of Beasts
 18090 | Lair:6   | Noticed a seven-headed hydra
 18113 | Lair:6   | Killed a one-headed hydra
 18113 | Lair:6   | Identified the +0 helmet of the Equinox {rPois Dex+4}
                  | (Okawaru gifted it to you on level 6 of the Lair of Beasts)
 18113 | Lair:6   | Received a gift from Okawaru
 18114 | Lair:6   | Reached XP level 13. HP: 72/84 MP: 13/13
 18469 | Lair:6   | Reached skill level 13 in Axes
 18587 | Lair:6   | Gained mutation: You do not regenerate when monsters are
                  | visible. [a shining eye]
 19579 | Lair:5   | Found a viscous altar of Jiyva.
 19580 | Lair:5   | Found a staircase to the Slime Pits.
 20155 | Lair:5   | Lost mutation: You do not regenerate when monsters are
                  | visible. [potion of mutation]
 20155 | Lair:5   | Gained mutation: Your flesh is heat resistant. (rF+)
                  | [potion of mutation]
 20155 | Lair:5   | Gained mutation: You passively map a small area around you.
                  | [potion of mutation]
 20701 | Lair:4   | Found a transporter.
 20725 | Lair:4   | Identified a +2 robe of the Archmagi
 20725 | Lair:4   | Noticed a rakshasa
 20739 | Lair:4   | Found a transporter.
 20754 | Lair:4   | Reached skill level 12 in Armour
 20754 | Lair:4   | Reached skill level 12 in Shields
 20873 | Lair:4   | Reached skill level 12 in Fighting
 21086 | Lair:4   | Found a one-way gate to the infinite horrors of the Abyss.
 21170 | Lair:6   | Received a gift from Okawaru
 21559 | Lair:6   | Reached skill level 14 in Axes
 21694 | Lair:6   | Gained mutation: Your large and strong wings let you fly.
                  | [Gargoyle growth]
 21694 | Lair:6   | Reached XP level 14. HP: 66/92 MP: 14/14
 21909 | Lair:6   | Reached ****** piety under Okawaru
 22052 | Lair:6   | HP: 9/92 [death yak (18)]
 24823 | Lair:6   | Identified the +16 plate armour of the Cuttlefish {Str+5}
                  | (Okawaru gifted it to you on level 6 of the Lair of Beasts)
 24823 | Lair:6   | Received a gift from Okawaru
 24975 | Lair:6   | Found a corrupted altar of Lugonu.
 25314 | Orc:1    | Entered Level 1 of the Orcish Mines
 25611 | D:12     | Identified the +4 quarterstaff "Fukh" {antimagic, Dex+7}
 26187 | D:12     | Noticed Fannar
 26205 | D:12     | Killed Fannar
 26277 | D:12     | Reached skill level 13 in Armour
 26277 | D:12     | Reached skill level 13 in Shields
 26588 | Orc:2    | Entered Level 2 of the Orcish Mines
 26606 | Orc:2    | Reached skill level 13 in Fighting
 26616 | Orc:2    | Reached skill level 15 in Axes
 26673 | Orc:2    | Found a staircase to the Elven Halls.
 26686 | Orc:2    | Paralysed by an orc sorcerer for 6 turns
 26794 | Orc:2    | Paralysed by an orc sorcerer for 6 turns
 28329 | Orc:2    | Found Pestrurr's Armour Shoppe.
 28329 | Orc:2    | Found Kaimam's Antique Weapon Emporium.
 28330 | Orc:2    | Found Komo Goo's General Store.
 28334 | Orc:2    | Found Fuaschint's Jewellery Shoppe.
 28344 | Orc:2    | Bought a scroll of identify for 26 gold pieces
 28344 | Orc:2    | Bought a scroll of identify for 26 gold pieces
 28584 | D:13     | Reached XP level 15. HP: 74/99 MP: 15/15
 28823 | D:13     | Found a gate to the Vaults.
 29805 | D:14     | Noticed Snorg
 29819 | D:14     | Killed Snorg
 29937 | D:14     | Noticed Nessos
 29940 | D:14     | Noticed Louise
 29943 | D:14     | Killed Nessos
 29943 | D:14     | Identified the +0 pair of boots of Tezedu Nige {rPois}
                  | (Okawaru gifted it to you on level 14 of the Dungeon)
 29943 | D:14     | Received a gift from Okawaru
 29999 | D:14     | Killed Louise
 30725 | D:14     | You are sucked into a shaft and drop 1 floor!
 30725 | D:15     | Entered Level 15 of the Dungeon
 30733 | D:15     | Reached skill level 16 in Axes
 30890 | D:15     | Paralysed by an ogre mage for 5 turns
 30908 | D:15     | Reached skill level 14 in Armour
 31033 | D:15     | Reached skill level 14 in Shields
 31192 | D:15     | Reached skill level 14 in Fighting
 31232 | D:15     | Noticed Rupert
 31259 | D:15     | Killed Rupert
 31259 | D:15     | Received a gift from Okawaru
 31480 | D:15     | Identified the ring of Qosijad {*Corrode rC+ rN++ Slay+2
                  | Stlth+}
 31759 | D:15     | Found a staircase to the Depths.
 32439 | D:14     | Reached XP level 16. HP: 86/106 MP: 16/16
 32561 | D:14     | Found a sacrificial altar of Ru.
 33293 | Snake:1  | Entered Level 1 of the Snake Pit
 33332 | Snake:1  | Received a gift from Okawaru
 33551 | Snake:1  | Noticed Asterion
 33559 | Snake:1  | Gained mutation: Your spells are a little easier to cast,
                  | but a little less powerful. [a cacodemon]
 33566 | Snake:1  | Killed Asterion
 33900 | Snake:1  | Noticed Josephine
 33913 | Snake:1  | Killed Josephine
 34457 | Snake:1  | Reached skill level 17 in Axes
 34496 | Snake:1  | Found the +18 shield of the Gong {rElec rN+ Will+ EV-5}
 34497 | Snake:1  | Found a glowing golden altar of the Shining One.
 34501 | Snake:1  | Identified the +5 battleaxe of the Assorted Ghosts {speed,
                  | rC+} (Okawaru gifted it to you on level 1 of the Snake Pit)
 34501 | Snake:1  | Received a gift from Okawaru
 35361 | Snake:3  | Reached skill level 15 in Armour
 35362 | Snake:3  | Reached skill level 15 in Shields
 35368 | Snake:3  | Reached skill level 15 in Fighting
 35377 | Snake:3  | Identified the +2 pair of gloves of Cowardice {Rampage
                  | rElec Str+6} (Okawaru gifted it to you on level 3 of the
                  | Snake Pit)
 35377 | Snake:3  | Received a gift from Okawaru
 35607 | Snake:3  | Found Vej Jidd's Book Shoppe.
 35608 | Snake:3  | Found Naebbemu's Jewellery Boutique.
 35610 | Snake:3  | Found Iheasou's Book Shoppe.
 35781 | Snake:3  | Found Delukh's General Store.
 36078 | Snake:4  | Entered Level 4 of the Snake Pit
 36097 | Snake:4  | Reached XP level 17. HP: 109/113 MP: 17/17
 36173 | Snake:4  | Received a gift from Okawaru
 36235 | Snake:4  | Reached skill level 18 in Axes
 36450 | Snake:4  | Reached skill level 16 in Armour
 36454 | Snake:4  | Reached skill level 16 in Shields
 36460 | Snake:4  | Reached skill level 16 in Fighting
 36939 | Snake:4  | Got a serpentine rune of Zot
 37122 | Snake:4  | Found Jiavup's Armour Shop.
 37124 | Snake:4  | Found Nerghoag's Distillery.
 37134 | Snake:4  | Found Cott's Magic Scroll Shop.
 37135 | Snake:4  | Bought a potion of heal wounds for 85 gold pieces
 37135 | Snake:4  | Bought a potion of haste for 170 gold pieces
 37135 | Snake:4  | Bought a potion of might for 68 gold pieces
 37136 | Snake:4  | Found Evyuczao's Jewellery Shop.
 37140 | Snake:4  | Bought a scroll of enchant weapon for 82 gold pieces
 37380 | Swamp:1  | Entered Level 1 of the Swamp
 37908 | Swamp:1  | Identified a scroll of acquirement
 37916 | Swamp:1  | Acquired 725 gold pieces
 37933 | Swamp:2  | Received a gift from Okawaru
 37950 | Swamp:2  | Noticed Jorgrun
 37969 | Swamp:2  | Killed Jorgrun
 38024 | Swamp:2  | Reached XP level 18. HP: 117/122 MP: 18/18
 38375 | Swamp:2  | Identified the +0 pair of gloves "Kuli" {Drain Will+ Int+8
                  | Stlth-}
 38506 | Swamp:2  | Identified Roxanne's Almanac of Clay
 38506 | Swamp:2  | Noticed Roxanne
 38521 | Swamp:2  | Killed Roxanne
 38710 | Swamp:3  | Noticed Nikola
 38729 | Swamp:3  | Killed Nikola
 39020 | Swamp:3  | Received a gift from Okawaru
 39029 | Swamp:3  | Reached skill level 17 in Shields
 39035 | Swamp:3  | Reached skill level 17 in Armour
 39107 | Swamp:3  | Reached skill level 17 in Fighting
 39692 | Swamp:4  | Entered Level 4 of the Swamp
 39805 | Swamp:4  | Received a gift from Okawaru
 39862 | Swamp:4  | Noticed the 27-headed Lernaean hydra
 39891 | Swamp:4  | Killed the 17-headed Lernaean hydra
 39971 | Swamp:4  | Found a frozen archway.
 39982 | IceCv    | Entered an ice cave
 40440 | IceCv    | Identified the ring "Baimist" {Fly Str+5 Slay+6 Stlth-}
 40460 | IceCv    | Received a gift from Okawaru
 41039 | Swamp:4  | Got a decaying rune of Zot
 41264 | Swamp:4  | Acquired the +11 crystal plate armour of the Lair of Beasts
                  | {rElec Int+3 Stlth-}
 41574 | Vaults:1 | Entered Level 1 of the Vaults
 41594 | Vaults:1 | Reached skill level 1 in Invocations
 41726 | Vaults:1 | Reached skill level 2 in Invocations
 41734 | Vaults:1 | Reached XP level 19. HP: 102/130 MP: 20/20
 41792 | Vaults:1 | Reached skill level 18 in Armour
 41798 | Vaults:1 | Reached skill level 18 in Fighting
 41798 | Vaults:1 | Reached skill level 18 in Shields
 41823 | Vaults:1 | Reached skill level 3 in Invocations
 41889 | Vaults:1 | Reached skill level 4 in Invocations
 41979 | Vaults:1 | Received a gift from Okawaru
 41995 | Vaults:1 | HP: 7/131 [ettin/+0 dire flail (14)]
 41997 | Vaults:1 | Slain by a deep troll

Vanquished Creatures
  the Lernaean hydra (Swamp:4)
  Nikola (Swamp:3)
  Jorgrun (Swamp:2)
  Rupert (D:15)
  7 nagarajas (Snake:4)
  Roxanne (Swamp:2)
  2 vault wardens (Vaults:1)
  Louise (D:14)
  An orc warlord (Vaults:1)
  3 ironbound preservers (Vaults:1)
  3 ironbound thunderhulks (Vaults:1)
  Nessos (D:14)
  An eleionoma (Swamp:3)
  2 very ugly things (IceCv)
  6 bunyips
  Snorg (D:14)
  Josephine (Snake:1)
  A yaktaur captain (Vaults:1)
  A great orb of eyes (Vaults:1)
  3 boulder beetles
  A salamander tyrant (Snake:4)
  Fannar (D:12)
  2 caustic shrike simulacra (IceCv)
  11 naga warriors
  A vault guard (Vaults:1)
  A ghost crab (Swamp:4)
  21 hydras
  An ogre mage (D:15)
  A catoblepas (D:13)
  2 spriggan air magi (Swamp:3)
  4 centaur warriors
  5 ironbound frosthearts (Vaults:1)
  10 anacondas
  2 dancing weapons (D:13)
  8 death yaks
  16 alligators
  4 two-headed ogres
  7 shock serpents
  2 tengu warriors (D:11)
  2 spriggan berserkers
  An orc high priest (Orc:2)
  2 thrashing horrors (Lair:6)
  12 naga sharpshooters
  Sonja (Lair:1)
  3 salamander mystics
  5 skeletal warriors (D:14)
  A death drake (Swamp:2)
  2 goliath frogs
  6 spriggan druids
  2 orange crystal statues (IceCv)
  4 bog bodies
  4 wizards
  7 naga ritualists
  The ghost of WindUpCitrus the Covert, a novice FeAE of Gozag (Lair:2)
  11 lindwurms (Vaults:1)
  3 deep trolls (Vaults:1)
  10 mana vipers
  A necromancer (D:15)
  6 orc knights
  13 swamp dragons
  4 ironbound convokers (Vaults:1)
  3 deep elf zephyrmancers (D:14)
  7 deep elf pyromancers
  A wolf spider zombie (D:15)
  18 ugly things
  6 orc sorcerers
  4 cyclopes
  4 manticores
  3 salamanders
  3 will-o-the-wisps
  4 guardian serpents
  45 black mambas
  An elephant (Lair:2)
  A vault sentinel (Vaults:1)
  2 torpor snails
  13 naga magi
  17 cane toads
  3 rime drakes
  Maggie (D:6)
  6 freezing wraiths
  14 komodo dragons
  2 efreet
  2 anaconda simulacra (IceCv)
  12 yaktaurs
  2 ancient zymes (Lair:6)
  2 golden dragon simulacra (IceCv)
  5 trolls
  2 large abominations (Lair:6)
  A wolf spider simulacrum (D:15)
  A queen bee (shapeshifter) (Lair:6)
  Prince Ribbit (D:5)
  9 hornets
  A merfolk (shapeshifter) (Lair:6)
  Grinder (D:3)
  2 polar bears
  8 tyrant leeches
  16 slime creatures
  21 blink frogs
  A vampire (D:11)
  Sigmund (D:5)
  2 ynoxinuls (Lair:6)
  5 wraiths
  51 yaks
  2 dire elephant simulacra (IceCv)
  13 spriggans
  2 wyverns
  Eustachio (D:5)
  A basilisk (shapeshifter) (D:15)
  2 chaos spawn (Lair:6)
  A human (shapeshifter) (D:14)
  2 basilisks (Lair:6)
  10 vampire mosquitoes
  2 steam dragons
  49 nagas
  2 harpy simulacra (IceCv)
  18 swamp worms
  5 water moccasins
  2 acid dragons
  2 wargs
  9 swamp drakes
  12 orc warriors
  An ice beast (D:7)
  5 alligator simulacra (IceCv)
  5 ogres
  4 sky beasts
  11 small abominations (Lair:6)
  2 boggarts (Vaults:1)
  22 wolves
  A necrophage (D:4)
  15 centaurs
  A phantom (D:4)
  3 kobold brigands
  6 bullfrogs
  3 scorpions
  A water moccasin zombie (D:5)
  A wyvern skeleton (D:7)
  A water moccasin skeleton (D:5)
  2 lindwurm simulacra (IceCv)
  5 wights (D:7)
  2 electric eels (D:7)
  4 howler monkeys
  3 centaur zombies
  Crazy Yiuf (D:5)
  A jelly (D:8)
  4 hounds
  9 orc priests
  2 centaur skeletons
  27 orc wizards
  A killer bee zombie (D:7)
  10 adders
  4 gnolls (D:5)
  A howler monkey zombie (D:9)
  2 howler monkey skeletons (D:6)
  A shadow imp (D:6)
  A white imp (D:5)
  An ufetubus (D:5)
  2 worms (D:2)
  2 dart slugs
  47 orcs
  5 endoplasms
  3 giant cockroaches
  9 goblins
  5 hobgoblins
  10 jackals
  4 quokkas
  5 ball pythons
  3 bats
  3 frilled lizards
  22 kobolds
  A quokka skeleton (D:4)
  3 rats
966 creatures vanquished.

Vanquished Creatures (others)
  Asterion (Snake:1)
  A spriggan druid (Swamp:4)
  A deep elf pyromancer (D:14)
  A cane toad (Lair:2)
  A bloated husk (Swamp:4)
  A blink frog (Lair:6)
  A swamp drake (Swamp:3)
  A swamp drake (shapeshifter) (Lair:6)
  An orc wizard (D:7)
  2 bushes
  18 foxfires
  40 fungi
  70 plants
139 creatures vanquished.

Grand Total: 1105 creatures vanquished

Table legend: (Time is in decaauts)
 A = Elapsed time spent in this place.
 B = Non-inter-level travel time spent in this place.
 C = Inter-level travel time spent in this place.
 D = Time resting spent in this place.
 E = Time spent auto-exploring this place.
 F = Levels seen in this place.
 G = Mean time per level.
                   A        B        C        D        E       F      G
               +--------+--------+--------+--------+--------+-----+--------+
         Total |  41811 |  39489 |   2322 |  14673 |  16317 |  34 | 1229.7 |
       Dungeon |  20036 |  18820 |   1216 |   6292 |   8882 |  15 | 1335.7 |
        Temple |    164 |    155 |      9 |      0 |    100 |   1 |  164.0 |
          Lair |  11430 |  10671 |    759 |   5063 |   3112 |   6 | 1905.0 |
         Swamp |   3186 |   3072 |    114 |    700 |   1696 |   4 |  796.5 |
     Snake Pit |   3984 |   3790 |    194 |   1248 |   1695 |   4 |  996.0 |
  Orcish Mines |   1997 |   1969 |     28 |    906 |    661 |   2 |  998.5 |
        Vaults |    368 |    368 |      0 |     43 |     83 |   1 |  368.0 |
      Ice Cave |    642 |    642 |      0 |    419 |     87 |   1 |  642.0 |
               +--------+--------+--------+--------+--------+-----+--------+

Top non-repeatable levels by time:
  Lair:6: 3477 daAuts
    D:10: 2209 daAuts
  Lair:4: 1877 daAuts
    D:14: 1741 daAuts
     D:6: 1724 daAuts
  Lair:3: 1711 daAuts
     D:5: 1682 daAuts
  Lair:5: 1664 daAuts
  Lair:2: 1600 daAuts
 Snake:1: 1508 daAuts
    D:15: 1488 daAuts
     D:7: 1470 daAuts
    D:11: 1332 daAuts
     D:8: 1322 daAuts
    D:13: 1269 daAuts

Table legend:
 A = Non-vault XP
 B = Vault XP
 C = Vault XP percentage of total XP
 D = Non-vault monster count
 E = Vault monster count
 F = Vault count percentage of total count
                 A         B        C        D         E       F
            +---------+---------+-------+---------+---------+-------
      Total |  229248 |  119889 |  34.3 |     689 |     282 |  29.0
            +---------+---------+-------+---------+---------+-------
        D:1 |      24 |       0 |   0.0 |      14 |       0 |   0.0
        D:2 |      71 |       0 |   0.0 |      22 |       0 |   0.0
        D:3 |     233 |     281 |  54.7 |      16 |       1 |   5.9
        D:4 |     379 |      84 |  18.1 |      12 |       5 |  29.4
        D:5 |     761 |     759 |  49.9 |      24 |       4 |  14.3
        D:6 |    1248 |     398 |  24.2 |      24 |       1 |   4.0
        D:7 |    1207 |     524 |  30.3 |      26 |      10 |  27.8
        D:8 |    3205 |       0 |   0.0 |      19 |       0 |   0.0
        D:9 |    1571 |       0 |   0.0 |      16 |       0 |   0.0
       D:10 |    1489 |       3 |   0.2 |       8 |       1 |  11.1
       D:11 |    3986 |      18 |   0.4 |       6 |       6 |  50.0
       D:12 |    5601 |     868 |  13.4 |      16 |       1 |   5.9
       D:13 |    5539 |    1654 |  23.0 |      11 |       2 |  15.4
       D:14 |   15517 |    7825 |  33.5 |      36 |      12 |  25.0
       D:15 |    9631 |    5877 |  37.9 |      24 |       9 |  27.3
     Lair:1 |    3842 |     769 |  16.7 |      14 |       1 |   6.7
     Lair:2 |    4398 |    2444 |  35.7 |      16 |       6 |  27.3
     Lair:3 |    1276 |    1056 |  45.3 |       2 |       3 |  60.0
     Lair:4 |    7808 |     928 |  10.6 |      25 |       2 |   7.4
     Lair:5 |    4622 |       0 |   0.0 |      16 |       0 |   0.0
     Lair:6 |   18181 |    9196 |  33.6 |      45 |      39 |  46.4
    Swamp:1 |   11435 |       0 |   0.0 |      21 |       0 |   0.0
    Swamp:2 |   15481 |    3178 |  17.0 |      30 |       2 |   6.2
    Swamp:3 |   16031 |    2584 |  13.9 |      32 |       3 |   8.6
    Swamp:4 |   10396 |   17210 |  62.3 |      22 |      25 |  53.2
    Snake:1 |   16356 |    2695 |  14.1 |      30 |       5 |  14.3
    Snake:2 |   14136 |       0 |   0.0 |      30 |       0 |   0.0
    Snake:3 |   11130 |     738 |   6.2 |      27 |       1 |   3.6
    Snake:4 |   23992 |   21026 |  46.7 |      45 |      37 |  45.1
      Orc:1 |    1516 |      76 |   4.8 |      10 |       2 |  16.7
      Orc:2 |    1832 |    4733 |  72.1 |      20 |      43 |  68.3
   Vaults:1 |   16354 |   25858 |  61.3 |      30 |      37 |  55.2
      IceCv |       0 |    9107 | 100.0 |       0 |      24 | 100.0
            +---------+---------+-------+---------+---------+-------
